 Dungeon Crawl Stone Soup version 0.29-a0-994-gc5c9f59d18 (webtiles) character file.

Game seed: 11455846982273268331

35 zeratav the Stinger (level 3, -1/21 HPs)
             Began as an Octopode Venom Mage on Aug 3, 2022.
             Slain by an adder (2 damage)
             ... on level 2 of the Dungeon.
             The game lasted 00:01:19 (934 turns).

zeratav the Stinger (Octopode Venom Mage)            Turns: 934, Time: 00:01:19

Health: -1/21      AC:  1    Str:  7    XL:     3   Next: 35%
Magic:  3/6        EV: 13    Int: 19    God:
Gold:   48         SH:  0    Dex: 12    Spells: 5/6 levels left

rFire   . . .      SeeInvis .   c - +0 spear {polearm}
rCold   . . .      Faith    .   (no shield)
rNeg    . . .      Spirit   .   (helmet restricted)
rPois   .          Reflect  .   (no amulet)
rElec   .          Harm     .   (no ring)
rCorr   .          Rampage  .   (no ring)
Will    .....                   (no ring)
Stlth   +++.......              (no ring)
HPRegen 0.07/turn               (no ring)
MPRegen 0.10/turn               (no ring)
                                (no ring)
                                (no ring)

@: lethally poisoned (-1 -> -5)
A: almost no armour, amphibious, 8 rings, camouflage 1, gelatinous body 1,
(nimble swimmer 1), tentacles
a: no special abilities


You were on level 2 of the Dungeon.
You visited 1 branch of the dungeon, and saw 2 of its levels.

You collected 48 gold pieces.


Innate Abilities, Weirdness & Mutations

You cannot wear most types of armour.
You are amphibious.
You can wear up to eight rings at the same time.
Your skin changes colour to match your surroundings (Stealth+).
Your rubbery body absorbs attacks. (AC +1, EV +1)
((You are camouflaged when in or above water. (Stealth+)))
You have tentacles for arms and can constrict up to eight enemies at once.


   Skills:
 - Level 2.0 Dodging
 + Level 4.1 Stealth
 - Level 2.0 Spellcasting
 - Level 1.0 Transmutations
 + Level 4.5 Poison Magic


You had 5 spell levels left.
You knew the following spells:

 Your Spells              Type           Power      Damage    Failure   Level
a - Sting                 Tmut/Pois      48%        1d5       5%          1

Your spell library contained the following spells:

 Spells                   Type           Power      Damage    Failure   Level
 Poisonous Vapours        Pois/Air       20%        N/A       10%         2
 Passwall                 Tmut/Erth      2%         N/A       21%         2
 Ensorcelled Hibernation  Hex/Ice        2%         N/A       26%         2
 Mephitic Cloud           Conj/Pois/Air  7%         N/A       26%         3
 Olgreb's Toxic Radiance  Pois           19%        N/A       26%         4
 Swiftness                Air            1%         N/A       45%         3
 Tukima's Dance           Hex            1%         N/A       45%         3
 Passage of Golubria      Tloc           1%         N/A       86%         4
 Yara's Violent Unravell  Hex/Tmut       1%         3d3       98%         5

Inventory:

Hand Weapons
 c - a +0 spear (weapon) {polearm}
   (You found it on level 1 of the Dungeon)
Armour
 j - a +0 tower shield
   (You found it on level 2 of the Dungeon)
Magical Staves
 e - a staff of air {staff}
   (You found it on level 1 of the Dungeon)
Scrolls
 b - a scroll of vulnerability {unknown}
 d - 2 scrolls of identify {unknown}
 f - a scroll of noise {unknown}
 g - 3 scrolls of teleportation {unknown}
 h - a scroll of fear {unknown}
Potions
 a - a potion of magic
 i - a potion of curing {unknown}

Dungeon Overview and Level Annotations

Branches:
Dungeon (2/15) Zot: 11059

Altars:

Shops:
D:1 ( D:2

[ ..####..............#
.........#..........#
....######.#........# .#
.............#.....###.#
.####...#....###.......#
..
###.#.#...###...#..###
## ##....#............#
######..S.......#
#..##.@......# +..
#..(.)...#
#....###.....# #.##.
#...!.... .. ..
......... ..=###
#........ .#....... ?
.#..... . .#.....


You could see an adder (very poisoned).


Message History

The hobgoblin barely misses you.
You barely miss the hobgoblin.
The frilled lizard hisses angrily.
Your grab misses the hobgoblin. The hobgoblin barely misses you.
You hit the hobgoblin.
You kill the hobgoblin!
The kobold hits you with a +0 dagger.
HP[-3]
You take 3 damage, and now have 14/21 hp.
You barely miss the kobold. You grab the kobold.
You constrict the kobold, but do no damage.
The kobold hits you with a +0 dagger.
HP[-1]
You take 1 damage, and now have 13/21 hp.
You hit the kobold.
You kill the kobold!
You reach to attack!
You barely miss the frilled lizard. You hit the frilled lizard.
You kill the frilled lizard!
No target in view!
No target in view!
No target in view!
No target in view!
No target in view!
No target in view!
No target in view!
No target in view!
No target in view!
No target in view!
No target in view!
No target in view!
No target in view!
No target in view!
No target in view!
No target in view!
No target in view!
An adder comes into view.
HP[+2]
You regained 2 hp, and now have 15/21 hp.
An adder is nearby!
An adder is nearby!
You see here 5 stones {throwing}.
No target in view!
No target in view!
No target in view!
No target in view!
No target in view!
No target in view!
An adder is nearby!
HP[+1]
You reach to attack!
You closely miss the adder.
The adder hisses angrily.
The adder bites you.
HP[-3]
You take 3 damage, and now have 13/21 hp.
You completely miss the adder. Your grab misses the adder. The adder bites you.
You are poisoned.
The adder poisons you!
HP[-1]
You take 1 damage, and now have 12/21 hp.
You closely miss the adder. Your grab misses the adder.
You feel sick. The adder bites you.
* * * LOW HITPOINT WARNING * * *
You are lethally poisoned!
The adder poisons you! The adder bites you.
* * * LOW HITPOINT WARNING * * *
HP[-6]
You take 6 damage, and now have 6/21 hp.
MASSIVE DAMAGE!! (PAUSE)
Casting: Sting (safe; 5% risk of failure)
Confirm with . or Enter, or press ? or * to list all spells.
Aiming: Sting (safe; 5% risk of failure)
Press: ? - help, Shift-Dir - straight line, f/p - adder
Aim: an adder (53% to hit)
The sting hits the adder.
The adder is poisoned.
* * * LOW HITPOINT WARNING * * *
You feel sick. The adder barely misses you.
HP[-2] MP[-1]
You take 2 damage, and now have 4/21 hp.
You lost 1 mp, and now have 5/6 mp.
Casting: Sting (safe; 5% risk of failure)
Confirm with . or Enter, or press ? or * to list all spells.
Aiming: Sting (safe; 5% risk of failure)
Press: ? - help, Shift-Dir - straight line, f/p - adder
Aim: an adder (moderately wounded, poisoned, 53% to hit)
The sting hits the adder.
The adder looks even sicker.
* * * LOW HITPOINT WARNING * * *
You feel sick. The adder closely misses you.
HP[-1] MP[-1]
You take 1 damage, and now have 3/21 hp.
You lost 1 mp, and now have 4/6 mp.
Casting: Sting (safe; 5% risk of failure)
Confirm with . or Enter, or press ? or * to list all spells.
Aiming: Sting (safe; 5% risk of failure)
Press: ? - help, Shift-Dir - straight line, f/p - adder
Aim: an adder (heavily wounded, very poisoned, 53% to hit)
The sting hits the adder.
The adder looks even sicker.
* * * LOW HITPOINT WARNING * * *
You feel sick. The adder bites you.
You die...

Skill      XL: |  1  2  3 |
---------------+----------+-----
Stealth        | 3 4 |  4.1
Poison Magic   | 4 |  4.5
Dodging        | |  2.0
Spellcasting   | |  2.0
Transmutations | |  1.0

Action                   || total
-------------------------++-------
Melee: Spear             ||    63
       Constrict         ||     8
       Unarmed           ||     3
       Tentacles         ||     6
       Punch             ||     1
 Cast: Sting             ||     3
 Stab: Sleeping          ||     6
Armor: Skin              ||     7
Dodge: Dodged            ||    26

Levels and vault maps discovered:
D:1:      tarquinn_simple_flora_water_e, layout_rooms, serial_shops, shop
D:2:      layout_rooms, serial_shops, nicolae_shop_crystal,
          minmay_goblin_kobold_house, uniq_crazy_yiuf_cottage

Notes
Turn   | Place    | Note
-------+----------+-------------------------------------------
     0 | D:1      | zeratav the Octopode Venom Mage began the quest for the
                  | Orb.
     0 | D:1      | Reached XP level 1. HP: 11/11 MP: 3/3
     0 | D:1      | magus.rc [v1.9.6]
    85 | D:1      | Reached skill level 3 in Stealth
   185 | D:1      | Reached skill level 4 in Poison Magic
   185 | D:1      | Reached XP level 2. HP: 17/17 MP: 5/5
   193 | D:1      | You add the spells Tukima's Dance, Passage of Golubria and
                  | Yara's Violent Unravelling to your library.
   343 | D:1      | Found Voakopor's Antique Weapon Emporium.
   605 | D:2      | Found Xadamm's Antique Armour Shoppe.
   619 | D:2      | Reached XP level 3. HP: 18/21 MP: 6/6
   626 | D:2      | Reached skill level 4 in Stealth
   732 | D:2      | You pick up a book of Burglary and begin reading...
   732 | D:2      | You add the spells Passwall, Ensorcelled Hibernation and
                  | Swiftness to your library.
   932 | D:2      | HP: 4/21 [poisoned by an adder]
   934 | D:2      | HP: 1/21 [poisoned by an adder]
   934 | D:2      | Slain by an adder

Vanquished Creatures
  An adder (D:2)
  2 dart slugs (D:1)
  4 endoplasms
  A goblin (D:1)
  3 hobgoblins
  2 kobolds
  A quokka (D:2)
  4 bats
  2 frilled lizards (D:2)
  2 rats (D:1)
22 creatures vanquished.

Table legend:
 A = Non-vault XP
 B = Vault XP
 C = Vault XP percentage of total XP
 D = Non-vault monster count
 E = Vault monster count
 F = Vault count percentage of total count
                 A         B        C        D         E       F
            +---------+---------+-------+---------+---------+-------
      Total |      51 |       0 |   0.0 |      22 |       0 |   0.0
            +---------+---------+-------+---------+---------+-------
        D:1 |      23 |       0 |   0.0 |      12 |       0 |   0.0
        D:2 |      28 |       0 |   0.0 |      10 |       0 |   0.0
            +---------+---------+-------+---------+---------+-------

Illustrated notes

Table legend:
 A = Kills in this place as a percentage of kills in entire the game.
 B = Kills by you in this place as a percentage of kills by you in the entire game.
 C = Kills by friends in this place as a percentage of kills by friends in the entire game.
 D = Other kills in this place as a percentage of other kills in the entire game.
 E = Experience gained in this place as a percentage of experience gained in the entire game.
 F = Experience gained in this place divided by the number of levels of this place that you have seen.
                   A       B       C       D       E      F
               +-------+-------+-------+-------+-------+----------------------
         Total | 100.0 | 100.0 |   N/A |   N/A | 100.0 |  25.5
       Dungeon | 100.0 | 100.0 |   N/A |   N/A | 100.0 |  25.5
               +-------+-------+-------+-------+-------+----------------------

Table legend: (Time is in decaauts)
 A = Elapsed time spent in this place.
 B = Non-inter-level travel time spent in this place.
 C = Inter-level travel time spent in this place.
 D = Time resting spent in this place.
 E = Time spent auto-exploring this place.
 F = Levels seen in this place.
 G = Mean time per level.
                   A        B        C        D        E       F      G
               +--------+--------+--------+--------+--------+-----+--------+
         Total |    939 |    926 |     13 |      0 |    779 |   2 |  469.5 |
       Dungeon |    939 |    926 |     13 |      0 |    779 |   2 |  469.5 |
               +--------+--------+--------+--------+--------+-----+--------+

Top non-repeatable levels by time:
     D:1: 591 daAuts
     D:2: 348 daAuts
